cohdb
Replays
Latest Replays
All Replays
Popular Replays
Top Player Replays
Match Explorer
How It Works
Community
CoH3 Stats
Reddit
Sign in to upload your games and track your stats! →
Sign in with Steam
Match 40863685
Unlisted
Match 40863685
Overview
Messages
Build Orders
End
Kradschützen Motorcycle Team
Selects Panzerjäger Kommand Battlegroup
Panzergrenadier Squad
Panzergrenadier Squad
250 Light Carrier
Construct Light Support Kompanie
Selects Mine Fields
Combat Half-tracks
Construct Mechanized Kompanie
Selects Defensive Positions
Veteran Squad Leaders
Panzerjäger Mechanized Group
Construct Panzerarmee Kommand
Selects Butterfly Bomb Drop
Panzergrenadier Squad
2.5-tonne Medical Truck
Walking Stuka Rocket Launcher
Selects Tank Busters
Panzerjäger Mechanized Group
Armored Reserves
Selects Crew Shock Tactics
Panzerjäger Squad
Exerate
thekaelz
Sparkle
Mo-J
0
0
Comments
sign in to comment!
No comments posted yet!